 Dungeon Crawl Stone Soup version 0.24-a0-528-g98e85ec62a (webtiles) character file.

Game seed: 6301804501090231745

270 EnegeticOcto the Skirmisher (level 6, -4/55 HPs)
             Began as a Demonspawn Wanderer on Aug 6, 2019.
             Slain by a two-headed ogre
             ... wielding a +0 giant club
              (22 damage)
             ... on level 4 of the Dungeon.
             The game lasted 00:04:11 (3413 turns).

EnegeticOcto the Skirmisher (Demonspawn Wanderer)   Turns: 3413, Time: 00:04:11

Health: -4/55      AC: 14    Str: 14    XL:     6   Next: 1%
Magic:  0/6        EV:  9    Int: 10    God:
Gold:   137        SH:  0    Dex: 16    Spells: 5/5 levels left

rFire    . . .     SeeInvis .   a - +3 dagger
rCold    . . .     Gourm    .   (no shield)
rNeg     . . .     Faith    .   y - +0 scale mail
rPois    +         Spirit   +   (no helmet)
rElec    .         Reflect  .   n - +0 cloak
rCorr    .         Harm     .   m - +2 pair of gloves
MR       .....                  (no boots)
Stlth    ..........             (no amulet)
HPRegen  0.18/turn              v - +1 ring of protection
MPRegen  0.10/turn              u - ring of poison resistance

@: no status effects
A: talons 1, molten scales 2, magic shield
a: no special abilities


You were on level 4 of the Dungeon.
You were not hungry.

You visited 1 branch of the dungeon, and saw 4 of its levels.

You collected 137 gold pieces.

Inventory:

Hand Weapons
 a - a +3 dagger (weapon)
 c - a +0 hand crossbow
Missiles
 d - 73 bolts
 i - 15 poisoned darts (quivered)
Armour
 m - a +2 pair of gloves (worn)
 n - a +0 cloak (worn)
 y - a +0 scale mail (worn)
Jewellery
 u - a ring of poison resistance (right hand)
 v - a +1 ring of protection (left hand)
Wands
 p - a wand of polymorph (13)
Scrolls
 g - a scroll of amnesia {unknown}
 j - a scroll of enchant weapon
 o - a scroll of noise {unknown}
 x - a scroll of remove curse {@r2}
Potions
 b - a potion of haste {@q4 !q}
 h - a potion of lignification {@q6}
 k - 2 potions of flight
 l - a potion of curing {unknown}
 q - a potion of magic {unknown}
 t - 4 potions of might {@q3 !q}
 w - a potion of mutation
 z - a potion of degeneration {unknown}
Comestibles
 e - 6 rations


   Skills:
 + Level 7.3 Fighting
 - Level 1.0 Short Blades
 - Level 1.0 Throwing
 - Level 1.7 Armour
 - Level 1.0 Stealth
 - Level 1.0 Evocations


You had 5 spell levels left.
You didn't know any spells.
Your spell library was empty.

Dungeon Overview and Level Annotations

Branches:
Dungeon (4/15)
 Temple: D:4-7

Altars:

Annotations:
D:4 1 transporter


Innate Abilities, Weirdness & Mutations

You have sharp toenails.
You are mostly covered in molten scales. (AC +3)
When hurt, damage is shared between your health and your magic reserves.


Message History

The orc wizard miscasts a cantrip.
You barely miss the orc wizard. You claw the orc wizard.
The orc wizard is severely wounded.
The orc wizard mumbles some strange words.
The orc wizard seems to speed up.
You hit the orc wizard. Your kick misses the orc wizard.
The orc wizard is almost dead.
The orc wizard hits you but does no damage.
The orc wizard gestures at you while chanting.
The magic dart hits you but does no damage.
You hit the orc wizard.
You kill the orc wizard!
You have reached level 6!
Your experience leads to an increase in your attributes!
Increase (S)trength, (I)ntelligence, or (D)exterity?
You feel stronger.
You hit the orc.
The orc is heavily wounded.
The orc hits you but does no damage.
You closely miss the orc. Your kick misses the orc.
The orc is heavily wounded.
You puncture the orc!
You kill the orc!
No target in view!
Found a blackened iron wand and a scroll labeled IPSACR DEASEU.
Items here: ))) [ ††† You butcher the orc corpse.
f - 10 chunks of flesh (gained 1)
You butcher the orc corpse.
f - 13 chunks of flesh (gained 3)
You butcher the orc corpse.
f - 17 chunks of flesh (gained 4)
Items here: ))) [ ÷÷÷ x2
p - a wand of polymorph (13)
r - 4 scrolls labeled IPSACR DEASEU (gained 1)
There is an open door here.
e - 5 rations (gained 1) Some of the chunks of flesh in your inventory have rotted away.
Eating one of 15 chunks of flesh.
You eat one of the 15 chunks of flesh.
This raw flesh tastes terrible.
There is an open door here.
e - 6 rations (gained 1)
Found 18 stones.
You see here 18 stones.
Some of the chunks of flesh in your inventory have rotted away.
Found a stone staircase leading down.
There is a stone staircase leading down here.
You open the door.
There is an open door here.
There is an open door here.
Things that are here:
a +0 hand axe; a cursed +0 leather armour Done exploring.
Done exploring.
Done exploring.
As you read the scroll labeled IPSACR DEASEU, it crumbles to dust.
It is a scroll of identify.
h - a potion of lignification
As you read the scroll of identify {@r1}, it crumbles to dust.
k - 2 potions of flight
As you read the scroll of identify {@r1}, it crumbles to dust.
t - 4 potions of might
As you read the scroll of identify {@r1}, it crumbles to dust.
w - a potion of mutation
As you read the scroll labeled BUZEAXTEN, it crumbles to dust.
You feel blessed for a moment.
It was a scroll of remove curse.
Done exploring.
Done exploring.
Done exploring.
Search for what [Enter for "."]? weapon Done exploring.
Done exploring.
(D) Dungeon
Where to? (Enter - D:3, ? - help)
There is a stone staircase leading down here.
You climb downwards.
There is a stone staircase leading up here.
Found a transporter.
You now have 137 gold pieces (gained 18).
The frilled lizard hisses angrily.
All of the chunks of flesh in your inventory have rotted away.
An orc comes into view.
It is wielding a +1 dagger of holy wrath.
The orc shouts!
A two-headed ogre comes into view. It is wielding two +0 giant clubs.
The two-headed ogre shouts in stereo!
The orc hits you but does no damage.
You completely miss the orc. You hit the two-headed ogre.
The two-headed ogre is lightly wounded.
Your scale mail prevents you from hitting the two-headed ogre.
You claw the two-headed ogre.
The two-headed ogre is lightly wounded.
The two-headed ogre hits you with a +0 giant club!
The two-headed ogre hits you with a +0 giant club.
You hit the two-headed ogre. You claw the two-headed ogre.
The two-headed ogre is moderately wounded.
The orc hits you with a +1 dagger of holy wrath.
You convulse.
The two-headed ogre hits you with a +0 giant club!! x2
You die...

# .# ##### . ######.#
#.... #. #......# ###
#.... #.##......# #<#
#....
#.........###.####....
#.......>............
#.....####.######..
##O@...#....# ##..
......o........## #...
#......#####...######...
########.....©.....##...
..#########..#...
..##8.(!$.8##.#...
..#©........#.#...
..#.##...##.#.#### ..#.
#...# .#.#


You could see a two-headed ogre and an orc.

Vanquished Creatures
  An orc priest (D:3)
  An orc wizard (D:3)
  Natasha (thrice) (D:2)
  4 adders
  3 worms (D:2)
  3 dart slugs
  A leopard gecko (D:2)
  8 orcs (D:3)
  10 bats
  3 giant cockroaches
  10 goblins
  10 hobgoblins
  4 jackals (D:2)
  6 kobolds
  A quokka (D:2)
  8 frilled lizards
  6 rats
82 creatures vanquished.

Notes
Turn   | Place    | Note
-------+----------+-------------------------------------------
     0 | D:1      | EnegeticOcto the Demonspawn Wanderer began the quest for
                  | the Orb.
     0 | D:1      | EnegeticOcto set off with the following items: a +2 dagger,
                  | a potion of haste {@q4 !q}, a +0 hand crossbow, 28 bolts, a
                  | ration, a +0 robe, a +0 short sword
     0 | D:1      | Reached XP level 1. HP: 19/19 MP: 1/1
   372 | D:1      | Gained mutation: You are partially covered in molten
                  | scales. (AC +2) [demonic ancestry]
   372 | D:1      | Reached XP level 2. HP: 9/26 MP: 2/2
  1351 | D:1      | Reached skill level 5 in Fighting
  1431 | D:1      | Gained mutation: You have sharp toenails. [demonic
                  | ancestry]
  1431 | D:1      | Reached XP level 3. HP: 33/33 MP: 3/3
  1967 | D:2      | Gained mutation: You are mostly covered in molten scales.
                  | (AC +3) [demonic ancestry]
  1967 | D:2      | Reached XP level 4. HP: 33/40 MP: 2/4
  2086 | D:2      | Noticed Natasha
  2103 | D:2      | Killed Natasha
  2103 | D:2      | Reached skill level 6 in Fighting
  2222 | D:2      | Noticed Natasha
  2234 | D:2      | Killed Natasha
  2234 | D:2      | Gained mutation: When hurt, damage is shared between your
                  | health and your magic reserves. [demonic ancestry]
  2234 | D:2      | Reached XP level 5. HP: 35/47 MP: 2/5
  2248 | D:2      | Noticed Natasha
  2260 | D:2      | Killed Natasha
  2615 | D:3      | You fall into a shaft and drop 1 floor!
  2808 | D:3      | Reached skill level 7 in Fighting
  3161 | D:3      | Reached XP level 6. HP: 55/55 MP: 6/6
  3396 | D:4      | Found a transporter.
  3407 | D:4      | Noticed a two-headed ogre
  3413 | D:4      | Slain by a two-headed ogre

Levels and vault maps discovered:
D:1:      minmay_arrival_plants_in_alcoves, layout_loops_corners
D:2:      layout_rooms, minmay_lizard_pond, uniq_natasha
D:3:      layout_basic, first_ration
D:4:      layout_basic, gammafunk_ghost_arena, hex_medium, cheibriados_altar_1,
          uniq_sigmund

Skill      XL: |  1  2  3  4  5 |
---------------+----------------+-----
Fighting       | 5 6 7 |  7.3
Short Blades   | |  1.0
Throwing       | |  1.0
Armour         | |  1.7
Stealth        | |  1.0
Evocations     | |  1.0

Action                   |  1- 3 |  4- 6 || total
-------------------------+-------+-------++-------
Melee: Dagger            |   139 |   146 ||   285
       Kick              |    13 |    38 ||    51
 Fire: Hand crossbow     |     1 |       ||     1
Throw: Dart              |       |     1 ||     1
  Use: Scroll            |       |     6 ||     6
 Stab: Sleeping          |     5 |       ||     5
  Eat: Chunk             |     3 |     5 ||     8
Armor: Robe              |    17 |       ||    17
       Ring mail         |    23 |    17 ||    40
       Scale mail        |       |    53 ||    53
Dodge: Dodged            |    84 |    55 ||   139

Table legend:
 A = Non-vault XP
 B = Vault XP
 C = Vault XP percentage of total XP
 D = Non-vault monster count
 E = Vault monster count
 F = Vault count percentage of total count
                 A         B        C        D         E       F
            +---------+---------+-------+---------+---------+-------
      Total |     347 |      39 |  10.1 |      77 |       5 |   6.1
            +---------+---------+-------+---------+---------+-------
        D:1 |      43 |       0 |   0.0 |      25 |       0 |   0.0
        D:2 |     156 |      39 |  20.0 |      30 |       5 |  14.3
        D:3 |     146 |       0 |   0.0 |      21 |       0 |   0.0
        D:4 |       2 |       0 |   0.0 |       1 |       0 |   0.0
            +---------+---------+-------+---------+---------+-------
